 Dungeon Crawl Stone Soup version 0.17-a0-670-g5d95ebd (webtiles) character file.

18 nubinia the Grave Robber (level 2, 19/20 HPs)
             Began as a Hill Orc Necromancer on Apr 18, 2015.
             Quit the game on level 1 of the Dungeon.
             The game lasted 00:05:59 (1100 turns).

nubinia the Grave Robber (Hill Orc Necromancer)     Turns: 1100, Time: 00:05:59

Health: 19/20      AC:  2    Str:  8    XL:     2   Next: 70%
Magic:  4/5        EV: 14    Int: 15    God:
Gold:   50         SH:  0    Dex: 11    Spells: 2 memorised, 3 levels left

rFire  . . .     SeeInvis .     d - +0 club
rCold  . . .     Clarity  .     a - +0 robe
rNeg   . . .     SustAb   .     (no shield)
rPois  .         Gourm    .     (no helmet)
rElec  .         Spirit   .     (no cloak)
rCorr  .         Warding  .     (no gloves)
rMut   .         Stasis   .     (no boots)
MR     .....                    (no amulet)
Stlth  ++........               (no ring)
                                (no ring)

@: not resistant to hostile enchantments, unstealthy
A: repulsion field 1, deterioration 1, weak 1
a: no special abilities


You were on level 1 of the Dungeon.
You were not hungry.

You visited 1 branch of the dungeon, and saw 1 of its levels.

You collected 50 gold pieces.

Inventory:

Hand weapons
 d - a +0 club (weapon)
Armour
 a - a +0 robe (worn)
Scrolls
 g - a scroll of identify
Potions
 e - a potion of heal wounds {unknown}
Books
 b - a book of Necromancy

   Spells                             Type                      Level
   a - Pain                           Necromancy                   1
   b - Animate Skeleton               Necromancy                   1
   c - Vampiric Draining              Necromancy                   3
   d - Regeneration                   Charms/Necromancy            3
   e - Animate Dead                   Necromancy                   4
   f - Control Undead                 Necromancy                   4
Comestibles
 c - a bread ration
 h - 3 chunks of flesh


   Skills:
 + Level 1.6 Dodging
 + Level 1.7 Stealth
 + Level 2.1 Spellcasting
 + Level 4.2 Necromancy


You had 3 spell levels left.
You knew the following spells:

 Your Spells              Type           Power        Failure   Level  Hunger
a - Pain                  Necr           ##..         4%          1    #......
s - Animate Skeleton      Necr           N/A          4%          1    #......


Dungeon Overview and Level Annotations

Branches:
Dungeon (1/15)

Altars:
The Shining One


Innate Abilities, Weirdness & Mutations

You are surrounded by a mild repulsion field (EV +2).
Your body is slowly deteriorating.
You are weak. (Str -2)


Message History

Unknown command.
Unknown command.
Unknown command.
Casting: Animate Skeleton
Confirm with . or Enter, or press ? or * to list all spells.
Aiming: Pain
Press: ? - help, Shift-Dir - straight line, f - bat
Aim: a bat (chance 85%)
The bat convulses in agony!
You kill the bat!
Read which item? (? for menu, Esc to quit)
As you read the scroll labeled QYR DOOMAXI, it crumbles to dust.
It is a scroll of identify.
Identify which item? (\ to view known items) (? for menu, Esc to quit)
f - a potion of mutation Drink which item? (? for menu, Esc to quit)
You feel extremely strange.
You begin to radiate repulsive energy.
You feel yourself wasting away.
You feel weaker.
Are you sure you want to abandon this character and quit the game? (Confirm with "yes".)

###Z# #.# # #Z# #.# ###Z# #.#
....# #.# #########.#
..........####################
.Z...ZZZZ.ZZZZZ.ZZZ..........#
###########################.##
.ZZZZZ...ZZ.Z...@....†...#Z.#
########################.#..#
#..# #..# #..# #..# #..# #..#
####


You could see a friendly goblin skeleton and 2 friendly kobold skeletons.

Vanquished Creatures
  2 bats (D:1)
  A giant cockroach (D:1)
  A hobgoblin (D:1)
  3 kobolds (D:1)
  A giant newt (D:1)
  4 goblins (D:1)
  6 rats (D:1)
18 creatures vanquished.

Vanquished Creatures (collateral kills)
  A goblin (D:1)
  A hobgoblin (D:1)
2 creatures vanquished.

Vanquished Creatures (others)
  A bat skeleton (D:1)
  A goblin skeleton (D:1)
  A kobold skeleton (D:1)
3 creatures vanquished.

Grand Total: 23 creatures vanquished

Notes
Turn   | Place    | Note
--------------------------------------------------------------
     0 | D:1      | nubinia, the Hill Orc Necromancer, began the quest for the Orb.
     0 | D:1      | Reached XP level 1. HP: 14/14 MP: 3/3
   134 | D:1      | Learned a level 1 spell: Animate Skeleton
   410 | D:1      | Reached XP level 2. HP: 17/20 MP: 0/4
   802 | D:1      | Found a glowing golden altar of the Shining One.
  1099 | D:1      | Gained mutation: You are surrounded by a mild repulsion field (EV +2). [potion of mutation]
  1099 | D:1      | Gained mutation: Your body is slowly deteriorating. [potion of mutation]
  1099 | D:1      | Gained mutation: You are weak. (Str -2) [potion of mutation]
  1100 | D:1      | Quit the game

Action                   || total
-------------------------++-------
Melee: Club              ||    36
 Cast: Pain              ||    20
       Animate Skeleton  ||    12
  Use: Scroll            ||     1
       Potion            ||     1
 Stab: Sleeping          ||     2
  Eat: Chunk             ||     1
